 Dungeon Crawl Stone Soup version 0.23.0 (webtiles) character file.

Game seed: 11351635659146610121

9 LostNumber the Ruffian (level 2, 0/29 HPs)
             Began as a Troll Monk on Feb 9, 2019.
             Slain by a gnoll
             ... wielding a +0 halberd
              (10 damage)
             ... on level 1 of the Dungeon.
             The game lasted 00:00:20 (210 turns).

LostNumber the Ruffian (Troll Monk)                  Turns: 210, Time: 00:00:21

Health: 0/29       AC:  6    Str: 18    XL:     2   Next: 3%
Magic:  1/1        EV: 10    Int:  6    God:
Gold:   10         SH:  0    Dex: 12    Spells: 1/1 levels left

rFire    . . .     SeeInvis .     - Unarmed
rCold    . . .     Gourm    +   (no shield)
rNeg     . . .     Faith    .   a - +0 robe
rPois    .         Spirit   .   (helmet restricted)
rElec    .         Reflect  .   (no cloak)
rCorr    .         Harm     .   (gloves unavailable)
MR       .....                  (boots unavailable)
Stlth    ++........             (no amulet)
HPRegen  0.49/turn              (no ring)
MPRegen  0.07/turn              (no ring)

@: no status effects
A: large, unfitting armour, claws 3, fast metabolism 3, gourmand, regeneration
1, shaggy fur 1, tough skin 3
a: no special abilities


You were on level 1 of the Dungeon.
You were full.

You visited 1 branch of the dungeon, and saw 1 of its levels.

You collected 10 gold pieces.

Inventory:

Armour
 a - a +0 robe (worn)
Scrolls
 b - a scroll of identify {unknown}
Potions
 c - a potion of degeneration {unknown}
Comestibles
 e - 4 rations {!d}


   Skills:
 + Level 2.5 Fighting
 - Level 2.4 Dodging
 - Level 1.0 Stealth
 * Level 3.4 Unarmed Combat


You had one spell level left.
You didn't know any spells.
Your spell library was empty.

Dungeon Overview and Level Annotations

Branches:
Dungeon (1/15)

Altars:


Innate Abilities, Weirdness & Mutations

You are too large for most types of armour.
You have claws for hands.
Your metabolism is lightning-fast.
You like to eat raw meat.
Your natural rate of healing is unusually fast.
You are covered in fur. (AC +1)
You have extremely tough skin. (AC +3)


Message History

The dart slug moves out of view.
Found a ration.
Found 10 gold pieces.
You closely miss the kobold. The kobold barely misses you.
You completely miss the kobold. The kobold hits you with a +0 whip.
You barely miss the kobold. The kobold hits you but does no damage.
You closely miss the kobold. The kobold misses you.
The kobold barely misses you.
You scratch the kobold.
You kill the kobold!
You miss the kobold. The kobold barely misses you.
You claw the kobold!
You kill the kobold!
You see here a +0 whip.
You claw the dart slug! The dart slug bites you.
You scratch the dart slug.
You kill the dart slug!
You have reached level 2!
You start resting.
Things that are here:
a +0 whip; a kobold corpse
c - a glowing inky potion You butcher the dart slug corpse.
d - 2 chunks of flesh Eating one of 2 chunks of flesh.
You eat one of the 2 chunks of flesh.
This raw flesh tastes great.
Eating a chunk of flesh.
You eat the chunk of flesh.
This raw flesh tastes great.
e - 4 rations {!d} (gained 1)
You now have 10 gold pieces.
You see here a stone.
You see here 25 stones.
Found 7 gold pieces.
A frilled lizard comes into view.
A frilled lizard is nearby!
A frilled lizard is nearby!
A gnoll comes into view. It is wielding a +0 halberd.
The gnoll shouts!
The frilled lizard hisses angrily.
The frilled lizard bites you but does no damage.
You miss the frilled lizard. The frilled lizard barely misses you.
You barely miss the frilled lizard. The frilled lizard closely misses you.
The gnoll barely misses you.
You claw the frilled lizard!
You kill the frilled lizard!
The gnoll closely misses you.
You scratch the gnoll but do no damage. The gnoll hits you with a +0 halberd!!
Ouch! That really hurt!
* * * LOW HITPOINT WARNING * * *
You claw the gnoll! The gnoll hits you with a +0 halberd!
You die...

...# .# . ...#
######$##... .÷.##
#...........
....######.##..#####
###(............#
#..♣♣♣♣♣♣♣♣♣..#
#..♣PP..PP..♣.#
#..♣PP..P...♣.##
#..♣..PP...P♣.@#
#..♣..P...PP♣.†g......
#..♣PP.<.P..♣.###.....
#..♣P...PP..♣.# ....
##.♣...P..PP♣.# ...
#.♣..PP..PP♣.. ..
#..♣♣♣♣♣♣♣♣♣.. .
#......... ...
#########.


You could see a gnoll.

Vanquished Creatures
  A dart slug (D:1)
  2 goblins (D:1)
  A frilled lizard (D:1)
  2 kobolds (D:1)
  A rat (D:1)
7 creatures vanquished.

Notes
Turn   | Place    | Note
-------+----------+-------------------------------------------
     0 | D:1      | LostNumber the Troll Monk began the quest for the Orb.
     0 | D:1      | Reached XP level 1. HP: 22/22 MP: 0/0
   116 | D:1      | Reached XP level 2. HP: 25/29 MP: 1/1
   210 | D:1      | Slain by a gnoll

Action                   || total
-------------------------++-------
Melee: Unarmed           ||    20
 Stab: Sleeping          ||     1
  Eat: Chunk             ||     4
Armor: Robe              ||     5
Dodge: Dodged            ||    11
